 Dungeon Sprint DCSS version 0.24-a0-420-g24607be9ce (webtiles) character file.

Game seed: 6936585909772635057

740 wilfster70 the Spear-Bearer (level 7, -4/70 HPs)
             Began as a Minotaur Fighter on June 11, 2019.
             Was an Elder of Cheibriados.
             Slain by a jumping spider (11 damage)
             ... in the Dungeon (Sprint V: "Ziggurat Sprint").
             The game lasted 00:02:47 (320 turns).

wilfster70 the Spear-Bearer (Minotaur Fighter)       Turns: 320, Time: 00:02:48

Health: -4/70      AC: 24    Str: 43    XL:     7   Next: 46%
Magic:  11/11      EV:  1    Int: 17    God:    Cheibriados [****..]
Gold:   0          SH:  0    Dex: 19    Spells: 6/6 levels left

rFire    + + .     SeeInvis .   a - +8 lance "Wyrmbane" {slay drac, rPois rF+ rC+ AC+3}
rCold    + + .     Gourm    .   E - +18 shield of the Gong {rElec rN+ MR+ EV-5}
rNeg     + . .     Faith    .   b - +5 gold dragon scales
rPois    +         Spirit   .   (helmet restricted)
rElec    +         Reflect  .   (no cloak)
rCorr    .         Harm     .   (no gloves)
MR       +....     NoTele   +   (no boots)
Stlth    ..........             (no amulet)
HPRegen  0.21/turn              C - +6 ring of strength
MPRegen  0.12/turn              D - +6 ring of strength

@: confused, held, very slow
A: retaliatory headbutt, horns 2
a: Bend Time, Temporal Distortion, Slouch, Renounce Religion


You were in the Dungeon.
You worshipped Cheibriados.
Cheibriados was greatly pleased with you.
You were not hungry.

You visited 1 branch

Inventory:

Hand Weapons
 a - the +8 lance "Wyrmbane" (weapon) {slay drac, rPois rF+ rC+ AC+3}
   (You found it in the Dungeon)

   It affects your AC (+3).
   It protects you from fire.
   It protects you from cold.
   It protects you from poison.
Armour
 b - +5 gold dragon scales (worn)
 E - the +18 shield of the Gong (worn) {rElec rN+ MR+ EV-5}
   (You found it in the Dungeon)

   It affects your evasion (-5).
   It insulates you from electricity.
   It protects you from negative energy.
   It affects your resistance to hostile enchantments.
Jewellery
 C - a +6 ring of strength (left hand)
 D - a +6 ring of strength (right hand)
Wands
 u - a wand of disintegration (7)
 v - a wand of iceblast (7)
 w - a wand of acid (7)
Scrolls
 h - 4 scrolls of amnesia
 j - 7 scrolls of fog
 k - 4 scrolls of blinking
 l - a scroll of holy word
 m - 5 scrolls of identify
 n - 5 scrolls of remove curse
 o - 2 scrolls of fear
Potions
 d - 6 potions of might
 e - 10 potions of curing
 g - 9 potions of heal wounds
 i - 7 potions of magic
 p - 2 potions of brilliance
 q - 2 potions of invisibility
 r - 4 potions of resistance
 t - 5 potions of agility
Comestibles
 c - 3 chunks of flesh
 f - 7 rations


   Skills:
 + Level 9.0 Fighting
 * Level 9.1 Polearms
 + Level 9.0 Armour
 + Level 7.2 Dodging
 + Level 8.7 Shields
 + Level 6.6 Invocations


You had 6 spell levels left.
You didn't know any spells.
Your spell library contained the following spells:

 Spells                   Type           Power        Failure   Level  Hunger
 Corpse Rot               Necr           N/A          100%        2    ###....
 Sublimation of Blood     Necr           #.........   100%        2    ###....
 Agony                    Necr           #.......     100%        5    ######.
 Bolt of Draining         Conj/Necr      #.........   100%        5    ######.
 Dispel Undead            Necr           #.......     100%        5    ######.
 Excruciating Wounds      Chrm/Necr      #.........   100%        5    ######.


Dungeon Overview and Level Annotations

Branches:
Dungeon (1/1)

Altars:
Ashenzari
Cheibriados
Dithmenos
Elyvilon
Fedhas
Gozag
Hepliaklqana
Kikubaaqudgha
Makhleb
Nemelex Xobeh
Okawaru
Qazlal
Ru
Sif Muna
Trog
Uskayaw
Vehumet
Wu Jian
Xom
Yredelemnul
Zin
The Shining One
Beogh
Jiyva
Lugonu

Annotations:
D 1 transporter


Innate Abilities, Weirdness & Mutations

You reflexively headbutt those who attack you in melee.
You have a pair of horns on your head.


Message History

The jumping spider pounces on you but does no damage.
The jumping spider bites you but does no damage.
The jumping spider pounces on you!
The jumping spider bites you but does no damage.
The tarantella bites you.
* * * LOW HITPOINT WARNING * * *
You are more confused.
The web tears apart.
The jumping spider barely misses you.
The jumping spider bites you but does no damage.
The jumping spider closely misses you.
The jumping spider bites you but does no damage.
The tarantella bites you.
* * * LOW HITPOINT WARNING * * *
You are more confused.
The jumping spider pounces on you!
* * * LOW HITPOINT WARNING * * *
You are caught in a web!
The jumping spider bites you but does no damage.
The jumping spider pounces on you!
You die...

▓.....▓.....▓..)).▓
▓.....▓.....▓.....▓
▓...†÷▓.....▓..©..▓
▓..©†.▓..©..▓▓▓▓▓▓▓
▓▓▓▓▓▓▓▓▓▓▓▓▓▓
▓..8©8...▓
▓..):[...▓
▓...s....▓
▓..@s....▓
▓..s.....▓
▓.▓....▓.▓
▓...©....▓
▓▓▓▓▓▓▓▓▓▓


You could see 2 jumping spiders and a tarantella.

Vanquished Creatures
  2 merfolk (D)
  2 porcupines (D)
  A bullfrog (D)
  A scorpion (D)
  3 ball pythons (D)
  A jackal (D)
10 creatures vanquished.

Vanquished Creatures (others)
  A spatial maelstrom (D)
1 creature vanquished.

Grand Total: 11 creatures vanquished

Notes
Turn   | Place    | Note
-------+----------+-------------------------------------------
     0 | D        | Found the +6 Majin-Bo {vamp, Archmagi MP+6 Int+6}
     0 | D        | Found the +7 great mace "Firestarter" {inner flame, rF++}
     0 | D        | wilfster70 the Minotaur Fighter began the quest for the
                  | Orb.
     0 | D        | Reached XP level 1. HP: 19/19 MP: 0/0
     2 | D        | Found a blossoming altar of Fedhas.
     3 | D        | Found a hazy altar of Hepliaklqana.
     3 | D        | Found an opulent altar of Gozag.
     3 | D        | Found a viscous altar of Jiyva.
     3 | D        | Found a transporter.
     3 | D        | Found an ancient bone altar of Kikubaaqudgha.
     4 | D        | Banished a spatial maelstrom
     6 | D        | Became a worshipper of Cheibriados the Contemplative
    13 | D        | Found a corrupted altar of Lugonu.
    14 | D        | Found a burning altar of Makhleb.
    15 | D        | Found a sacrificial altar of Ru.
    15 | D        | Found a stormy altar of Qazlal.
    15 | D        | Found a deep blue altar of Sif Muna.
    15 | D        | Found an iron altar of Okawaru.
    15 | D        | Found a bloodstained altar of Trog.
    15 | D        | Found a sparkling altar of Nemelex Xobeh.
    32 | D        | Found the +9 heavy crossbow "Sniper" {velocity, Acc+∞ SInv}
    32 | D        | Found the +10 dark maul {crush}
    32 | D        | Found the +15 Maxwell's patent armour {-Cast -Tele rElec
                  | MR+ rCorr}
    32 | D        | Found the +18 shield of the Gong {rElec rN+ MR+ EV-5}
    32 | D        | Found the cursed +14 obsidian axe {chop, +Fly SInv *Curse}
    34 | D        | Found the +6 shillelagh "Devastator" {shatter}
    34 | D        | Found the +11 plutonium sword {*Contam Stlth-}
    34 | D        | Found the +8 lance "Wyrmbane" {slay drac, rPois rF+ rC+
                  | AC+3}
    34 | D        | Found the +9 sword of Zonguldrok {reap}
    34 | D        | Found the cursed +13 scythe of Curses {drain, *Curse}
    34 | D        | Found the +0 sword of Power
    34 | D        | Found the +7 mace of Variability {chain chaos}
    34 | D        | Found the +7 Singing Sword {slice, sonic wave}
    34 | D        | Found the +8 storm bow {elec, penet}
    87 | D        | Reached skill level 5 in Fighting
    87 | D        | Reached skill level 5 in Armour
    87 | D        | Reached skill level 5 in Shields
    87 | D        | Reached XP level 2. HP: 29/29 MP: 0/3
    92 | D        | Entered arena 2.
    92 | D        | Noticed a merfolk
    92 | D        | Noticed a merfolk
    92 | D        | Found a transporter.
    98 | D        | Killed a merfolk
    98 | D        | Reached skill level 5 in Dodging
    98 | D        | Reached XP level 3. HP: 35/39 MP: 0/5
    98 | D        | Reached XP level 4. HP: 42/47 MP: 0/6
    98 | D        | Reached XP level 5. HP: 46/52 MP: 0/7
   103 | D        | Killed a merfolk
   103 | D        | Reached * piety under Cheibriados
   103 | D        | Reached skill level 5 in Invocations
   103 | D        | Reached XP level 6. HP: 55/61 MP: 1/9
   171 | D        | Entered arena 3.
   171 | D        | Found a transporter.
   177 | D        | Reached ** piety under Cheibriados
   186 | D        | Entered arena 4.
   186 | D        | Noticed a porcupine
   186 | D        | Noticed a porcupine
   186 | D        | Found a transporter.
   187 | D        | Reached *** piety under Cheibriados
   191 | D        | Killed a porcupine
   191 | D        | Reached XP level 7. HP: 69/69 MP: 10/10
   193 | D        | Reached **** piety under Cheibriados
   305 | D        | Entered arena 5.
   305 | D        | Noticed a jumping spider
   305 | D        | Noticed a tarantella
   305 | D        | Noticed a jumping spider
   305 | D        | Found a transporter.
   320 | D        | Slain by a jumping spider

Levels and vault maps discovered:
D:        sprint_v [room_start, room_1, room_2, room_3, room_4, room_5, room_6,
          room_7, room_8, room_9, room_10, room_11, room_12, room_13, room_14,
          room_15, room_16, room_17, room_18, room_19, room_20, room_21,
          room_22, room_23, room_24, room_25, room_26, room_27]

Skill      XL: |  1  2  3  4  5  6  7 |
---------------+----------------------+-----
Fighting       | 5 7 8 9 |  9.0
Polearms       | 4 6 7 8 9 |  9.1
Armour         | 5 7 8 9 |  9.0
Dodging        | 3 5 6 7 |  7.2
Shields        | 5 6 8 |  8.7
Invocations    | 2 4 5 6 |  6.6

Action                   |  1- 3 |  4- 6 |  7- 9 || total
-------------------------+-------+-------+-------++-------
Melee: Lance             |     5 |    16 |     9 ||    30
       Headbutt          |     1 |     4 |     3 ||     8
  Use: Potion            |     1 |       |     1 ||     2
Armor: Gold dragon scale |     2 |     3 |    35 ||    40
Dodge: Dodged            |       |       |     8 ||     8
Block: Shield            |     6 |    25 |    19 ||    50

Table legend:
 A = Non-vault XP
 B = Vault XP
 C = Vault XP percentage of total XP
 D = Non-vault monster count
 E = Vault monster count
 F = Vault count percentage of total count
                 A         B        C        D         E       F
            +---------+---------+-------+---------+---------+-------
      Total |       0 |    1046 | 100.0 |       0 |      10 | 100.0
            +---------+---------+-------+---------+---------+-------
          D |       0 |    1046 | 100.0 |       0 |      10 | 100.0
            +---------+---------+-------+---------+---------+-------
